 Dungeon Crawl Stone Soup version 0.30-b1-2-g02819fbbbe (webtiles) character file.

Game seed: 15682837811632564647

38 Mesmaeker13 the Grave Robber (level 3, -2/26 HPs)
             Began as a Demigod Necromancer on June 17, 2023.
             Slain by Sigmund
             ... wielding a +0 scythe
              (7 damage)
             ... on level 2 of the Dungeon.
             The game lasted 00:01:58 (1527 turns).

Mesmaeker13 the Grave Robber (Demigod Necromancer)  Turns: 1527, Time: 00:01:58

Health: -2/26      AC:  4    Str: 13    XL:     3   Next: 10%
Magic:  9/9        EV: 12    Int: 17    God:
Gold:   86         SH:  0    Dex: 14    Spells: 3/7 levels left

rFire   . . .        l - +0 short sword (drain)
rCold   . . .        (no shield)
rNeg    . . .        a - +0 robe
rPois   .            (no helmet)
rElec   .            (no cloak)
rCorr   .            m - +0 pair of gloves
SInv    .            o - +0 pair of boots
Will    .....        (no amulet)
Stlth   ++           (no ring)
HPRegen 0.24/turn    (no ring)
MPRegen 0.11/turn

%: no passive effects
@: no status effects
A: high MP 1, forlorn, divine attributes
a: no special abilities


You were on level 2 of the Dungeon.
You visited 1 branch of the dungeon, and saw 2 of its levels.

You collected 86 gold pieces.

Inventory:

Hand Weapons
 d - a +0 spear
 l - a +0 short sword of draining (weapon)
Armour
 a - a +0 robe (worn)
 m - a +0 pair of gloves (worn)
 o - a +0 pair of boots (worn)
Scrolls
 c - a scroll of vulnerability {unknown}
 f - a scroll of amnesia {unknown}
 g - a scroll of immolation {unknown}
 i - a scroll of silence {unknown}
 j - a scroll of identify {unknown}
 k - a scroll of enchant armour {unknown}
 q - a scroll of magic mapping {unknown}
Potions
 b - a potion of magic
 e - a potion of haste {unknown}
 h - a potion of lignification {unknown}
 n - a potion of heal wounds {unknown}
 p - 2 potions of cancellation {unknown}
 r - a potion of attraction {unknown}


   Skills:
 - Level 1.7 Dodging
 - Level 1.7 Stealth
 + Level 2.5 Spellcasting
 + Level 4.1 Necromancy


You had 3 spell levels left.
You knew the following spells:

 Your Spells              Type           Power      Damage    Failure   Level
a - Necrotise             Necr           64%        1d7       3%          1
b - Vampiric Draining     Necr           16%        2d7       10%         3

Your spell library contained the following spells:

 Spells                   Type           Power      Damage    Failure   Level
 Animate Dead             Necr           16%        N/A       32%         4
 Agony                    Necr           16%        N/A       65%         5
 Cause Fear               Hex            1%         N/A       88%         4
 Dragon Form              Tmut           1%         N/A       100%        7
 Dragon's Call            Summ           1%         N/A       100%        9


Dungeon Overview and Level Annotations

Branches:
Dungeon (2/15)

Annotations:
D:2 Sigmund


Innate Abilities, Weirdness & Mutations

You have an increased reservoir of magic. (+10% MP)
You shall have no god before yourself.
Your divine heritage dramatically boosts your attributes as you level up.


Message History

A bat is nearby!
Casting: Necrotise (safe; 3% risk of failure)
Confirm with . or Enter, or press ? or * to list all spells.
Aiming: Necrotise (safe; 3% risk of failure)
Press: ? - help, Shift-Dir - straight line, f - bat
Aim: a bat (chance to affect: 86%)
The bat writhes in agony.
You kill the bat!
The dead are flying!
Casting: Necrotise (safe; 3% risk of failure)
Confirm with . or Enter, or press ? or * to list all spells.
You can't see any susceptible monsters within range! (Use Z to cast anyway.)
You swap places.
Your bat skeleton crumbles into dust!
Sigmund the Dreaded comes into view.
He is wielding a +0 scythe.
Sigmund shouts!
Sigmund casts a spell at you. The puff of flame hits you.
Sigmund is nearby!
Casting: Necrotise (safe; 3% risk of failure)
Confirm with . or Enter, or press ? or * to list all spells.
Aiming: Necrotise (safe; 3% risk of failure)
Press: ? - help, Shift-Dir - straight line, f - Sigmund
Aim: Sigmund, wielding a +0 scythe and wearing a +0 robe (chance to affect: 80%) Sigmund writhes in agony.
Sigmund hits you from afar with a +0 scythe.
Sigmund points at you and mumbles some strange words.
You are confused.
You bump into the rock wall.
You bump into the rock wall.
You bump into the rock wall.
Sigmund hits you from afar with a +0 scythe!
You bump into the rock wall.
Sigmund hits you from afar with a +0 scythe!
* * * LOW HITPOINT WARNING * * *
You bump into the rock wall.
You're too confused to move!
You feel less confused.
Sigmund hits you from afar with a +0 scythe!
You die...

......####.........#
#.######### ......#
#.##.###### #.# #.>...#
#.##.# #.#
####..####.##.# #@#
...........##.# #.#
####..#######.#########.#
#..# #.##.@......# #..#
#.##.######## #..# #<##@#
#..#######.##.#
#..........##.#
##.......####.#
#######......# ########


You could see Sigmund.

Vanquished Creatures
  An adder (D:2)
  A dart slug (D:1)
  6 bats
  2 endoplasms (D:2)
  A giant cockroach (D:1)
  3 goblins (D:1)
  5 hobgoblins
  2 ball pythons
  A frilled lizard (D:2)
  2 rats
24 creatures vanquished.

Notes
Turn   | Place    | Note
-------+----------+-------------------------------------------
     0 | D:1      | Mesmaeker13 the Demigod Necromancer began the quest for the
                  | Orb.
     0 | D:1      | Reached XP level 1. HP: 14/14 MP: 5/5
   373 | D:1      | Reached XP level 2. HP: 20/20 MP: 4/7
   880 | D:2      | Reached skill level 4 in Necromancy
  1163 | D:2      | Reached XP level 3. HP: 26/26 MP: 7/9
  1167 | D:2      | Learned a level 3 spell: Vampiric Draining
  1499 | D:2      | Noticed Sigmund
  1527 | D:2      | Slain by Sigmund

Illustrated notes

Levels and vault maps discovered:
D:1:      nzn_arrival_crosshair, layout_basic, chequers_ecumenical_altar_island
D:2:      layout_loops_ring, uniq_sigmund

Skill      XL: |  1  2 |
---------------+-------+-----
Spellcasting   | 2 |  2.5
Necromancy     | 4 |  4.1
Dodging        | |  1.7
Stealth        | |  1.7

Action                     || total
---------------------------++-------
  Melee: Spear             ||     2
   Cast: Necrotise         ||    49
 Armour: Robe              ||     6
  Dodge: Dodged            ||    13
